 Dungeon Crawl Stone Soup version 0.30-a0-1053-gbd8d5ba0ad (webtiles) character file.

Game seed: 11834405554673114406

2141 Ihaveafatcat the Cleaver (level 9, 0/40 (81) HPs)
             Began as a Hill Orc Fighter on Apr 6, 2023.
             Slain by a wight
             ... wielding a +3 dire flail
              (7 damage)
             ... on level 7 of the Dungeon on Apr 11, 2023.
             The game lasted 00:19:26 (7496 turns).

Ihaveafatcat the Cleaver (Hill Orc Fighter)         Turns: 7496, Time: 00:19:26

HP:   0/40 (81)     AC: 20    Str: 29      XL:     9   Next: 30%
MP:   9/9           EV:  7    Int:  7 (8)  God:
Gold: 333           SH:  6    Dex:  9 (10) Spells: 8/8 levels left

rFire   . . .      SeeInvis .    a - +0 war axe
rCold   . . .      Faith    .    c - +1 buckler
rNeg    . . .      Spirit   .    G - +0 plate armour
rPois   .          Reflect  .    o - +2 helmet
rElec   .          Rampage  .    (no cloak)
rCorr   .                        (no gloves)
Will    .....                    (no boots) Stlth
                                 (no amulet)
HPRegen 0.26/turn                D - +6 ring of strength
MPRegen 0.11/turn                n - +4 ring of protection

@: extremely drained
A: no striking features
a: no special abilities


You were on level 7 of the Dungeon.
You visited 2 branches of the dungeon, and saw 8 of its levels.

You collected 333 gold pieces.

Inventory:

Hand Weapons
 a - a +0 war axe (weapon)
Armour
 b - a +0 scale mail
 c - a +1 buckler (worn)
 o - a +2 helmet (worn)
 G - a +0 plate armour (worn)
Jewellery
 e - a ring of wizardry
 n - a +4 ring of protection (right hand)
 D - a +6 ring of strength (left hand)
 E - a ring of magical power
 F - a ring of resist corrosion
Wands
 j - a wand of roots (16)
 m - a wand of light (10)
 y - a wand of paralysis (9)
 C - a wand of polymorph (5)
Scrolls
 f - a scroll of fear {unknown}
 g - 2 scrolls of fog
 h - 3 scrolls of teleportation
 s - 3 scrolls of enchant armour
 t - a scroll of vulnerability
 v - a scroll of blinking
Potions
 d - a potion of might
 i - 2 potions of heal wounds
 k - a potion of resistance
 l - 3 potions of attraction
 q - 5 potions of haste
 r - a potion of magic
 w - a potion of ambrosia
 x - a potion of degeneration
 z - a potion of brilliance
 A - a potion of lignification


   Skills:
 + Level 8.1 Fighting
 + Level 8.3 Axes
 + Level 7.3 Armour
 + Level 7.3 Shields


You had 8 spell levels left.
You didn't know any spells.
Your spell library contained the following spells:

 Spells                   Type           Power      Damage    Failure   Level
 Sandblast                Erth           0%         2d4       99%         1
 Passwall                 Tmut/Erth      0%         N/A       100%        2
 Dazzling Flash           Conj/Hex       0%         N/A       100%        3
 Frozen Ramparts          Ice            0%         1d1       100%        3
 Stone Arrow              Conj/Erth      0%         3d7       100%        3
 Ice Form                 Ice/Tmut       0%         N/A       100%        4
 Summon Ice Beast         Ice/Summ       0%         N/A       100%        4
 Summon Lightning Spire   Summ/Air       0%         N/A       100%        4
 Agony                    Necr           0%         N/A       100%        5
 Silence                  Hex/Air        0%         N/A       100%        5
 Storm Form               Tmut/Air       0%         N/A       100%        7
 Maxwell's Capacitive Co  Air            0%         ∞         100%        8


Dungeon Overview and Level Annotations

Branches:
Dungeon (7/15)             Temple (1/1) D:6

Altars:
Ashenzari
Cheibriados
Dithmenos
Fedhas
Kikubaaqudgha
Makhleb
Nemelex Xobeh
Okawaru
Qazlal
Ru
Sif Muna
Trog
Uskayaw
Vehumet
Wu Jian
Xom
Yredelemnul
Zin
The Shining One

Shops:
D:1 (   D:6 [


Message History

The iguana bites you.
You hit the iguana but do no damage.
The iguana bites you but does no damage.
You hit the iguana but do no damage. The iguana bites you.
You slash the iguana!
The iguana is severely wounded.
The iguana bites you.
You slash the iguana!
You kill the iguana!
No target in view!
No target in view!
No target in view!
You see here an iguana corpse.
There is a stone staircase leading up here. 2 wights come into view.
There are monsters nearby!
There are monsters nearby!
There are monsters nearby!
The wight hits you but does no damage. You block the wight's attack.
You completely miss the wight. You hit the wight. The wight barely misses you.
The wight hits you with a +3 dire flail!
You feel drained. The wight hits you but does no damage.
The wight hits you with a +3 dire flail!
You feel drained.
You are too injured to fight recklessly!
You barely miss the wight. You completely miss the wight.
The wight hits you but does no damage.
The wight hits you with a +3 dire flail!
You are too injured to fight recklessly!
You closely miss the wight. You slash the wight! You block the wight's attack.
The wight hits you with a +3 dire flail!
* * * LOW HITPOINT WARNING * * *
You feel drained.
* * * LOW HITPOINT WARNING * * *
You are too injured to fight recklessly!
You closely miss the wight. You hit the wight but do no damage.
You block the wight's attack.
The wight hits you with a +3 dire flail!
You die...

#.# ###.### #.# ......#
#.# ......# #.# ......#
#.# ......# #.# ..)...#
#.# # ###)### ####.###.#
###)###.#####...@z...###
....#...?........z......
##..#.#.###..###########
##..#.#.###..#######
....................
##.##.#.##..########
##.##.#.##..#
.#.##.......##########
............#........#


You could see 2 wights.

Vanquished Creatures
  A steam dragon (D:6)
  Eustachio (D:6)
  A black bear (D:6)
  2 orc warriors
  2 ogres
  A centaur (D:6)
  2 bullfrogs
  3 kobold brigands
  3 scorpions
  3 wights (D:6)
  2 hounds (D:6)
  2 jellies
  7 iguanas
  3 orc wizards
  Robin (D:2)
  5 gnolls
  7 adders
  2 white imps
  An ufetubus (D:5)
  A worm (D:3)
  5 dart slugs
  17 orcs
  10 endoplasms
  4 giant cockroaches
  14 goblins
  12 hobgoblins
  4 jackals
  A quokka (D:1)
  6 ball pythons
  7 bats
  4 frilled lizards
  35 kobolds
  6 rats
175 creatures vanquished.

Vanquished Creatures (others)
  An orc (D:6)
  76 plants (D:4)
77 creatures vanquished.

Grand Total: 252 creatures vanquished

Notes
Turn   | Place    | Note
-------+----------+-------------------------------------------
     0 | D:1      | Ihaveafatcat the Hill Orc Fighter began the quest for the
                  | Orb.
     0 | D:1      | Reached XP level 1. HP: 19/19 MP: 1/1
    78 | D:1      | Reached XP level 2. HP: 7/27 MP: 2/2
   178 | D:1      | Found Cesi's Weapon Shoppe.
   335 | D:1      | Found a faded altar of an unknown god.
   381 | D:1      | Reached XP level 3. HP: 28/33 MP: 3/3
   954 | D:2      | Noticed Robin
   963 | D:2      | Reached XP level 4. HP: 32/40 MP: 4/4
   982 | D:2      | Killed Robin
  1844 | D:3      | Reached XP level 5. HP: 37/47 MP: 5/5
  1995 | D:3      | Found a radiant altar of Vehumet.
  1997 | D:3      | Found an iron altar of Okawaru.
  1999 | D:3      | Found a shadowy altar of Dithmenos.
  1999 | D:3      | Found an ancient bone altar of Kikubaaqudgha.
  2000 | D:3      | Found a shimmering altar of Xom.
  2001 | D:3      | Found a broken altar of Ashenzari.
  2002 | D:3      | Found a bloodstained altar of Trog.
  2031 | D:3      | Found a burning altar of Makhleb.
  2589 | D:4      | Found a sparkling altar of Nemelex Xobeh.
  2607 | D:4      | Reached skill level 5 in Fighting
  2607 | D:4      | Reached XP level 6. HP: 52/56 MP: 6/6
  3088 | D:4      | Reached skill level 5 in Axes
  3235 | D:4      | Identified the +10 sling of the Hammering Genius {drain,
                  | rElec rN++ Str+2 Dex-4}
  3406 | D:4      | Reached skill level 5 in Armour
  3406 | D:4      | Reached skill level 5 in Shields
  3406 | D:4      | Reached XP level 7. HP: 33/61 MP: 7/7
  3501 | D:4      | Upgraded the game from 0.30-a0-1016-gfb0d676c02 to
                  | 0.30-a0-1053-gbd8d5ba0ad
  3664 | D:5      | Entered Level 5 of the Dungeon
  4463 | D:6      | Reached XP level 8. HP: 42/71 MP: 8/8
  5081 | D:6      | Found Kach's Antique Armour Emporium.
  5594 | D:6      | Found a staircase to the Ecumenical Temple.
  5654 | D:6      | Reached XP level 9. HP: 77/79 MP: 9/9
  5661 | D:6      | Noticed Eustachio
  5734 | D:6      | Killed Eustachio
  6476 | Temple   | Entered the Ecumenical Temple
  7496 | D:7      | Slain by a wight

Illustrated notes

Levels and vault maps discovered:
D:1:      tarquinn_simple_flora_water_f, layout_basic,
          dreamdust_ecumenical_altar_statues, serial_shops, shop
D:2:      layout_rooms, kennysheep_nondescript, fountainhead, minmay_tripent,
          uniq_robin
D:3:      layout_rooms, minitemple, minmay_starry_boxes
D:4:      kennysheep_kobold_camp, layout_basic,
          mainiacjoe_overflow_cross_hatched, minmay_quantized
D:5:      layout_cave_pools, solitary_fountain
D:6:      layout_basic, minmay_temple_entry_wispy, serial_shops,
          nicolae_shop_behind_doors, kennysheep_generic_room_6, uniq_eustachio
D:7:      layout_basic
Temple:   chequers_temple_sunken

Skill      XL: |  1  2  3  4  5  6  7  8  9 |
---------------+----------------------------+-----
Axes           | 3 4 5 6 7 8 |  8.3
Fighting       | 4 5 6 7 8 |  8.1
Armour         | 4 5 6 7 |  7.3
Shields        | 4 5 6 7 |  7.3

Action                     |  1- 3 |  4- 6 |  7- 9 || total
---------------------------+-------+-------+-------++-------
  Melee: War axe           |    88 |   220 |   266 ||   574
  Evoke: Wand              |       |       |     1 ||     1
    Use: Scroll            |       |       |    13 ||    13
         Potion            |       |       |     5 ||     5
 Armour: Scale mail        |    52 |   136 |   173 ||   361
         Plate armour      |       |       |    14 ||    14
  Dodge: Dodged            |    33 |   106 |   140 ||   279
  Block: Buckler           |    15 |    40 |    66 ||   121

Table legend: (Time is in decaauts)
 A = Elapsed time spent in this place.
 B = Non-inter-level travel time spent in this place.
 C = Inter-level travel time spent in this place.
 D = Time resting spent in this place.
 E = Time spent auto-exploring this place.
 F = Levels seen in this place.
 G = Mean time per level.
                   A        B        C        D        E       F      G
               +--------+--------+--------+--------+--------+-----+--------+
         Total |   7665 |   7665 |      0 |   1879 |   3675 |   8 |  958.1 |
       Dungeon |   7026 |   7026 |      0 |   1479 |   3675 |   7 | 1003.7 |
        Temple |    639 |    639 |      0 |    400 |      0 |   1 |  639.0 |
               +--------+--------+--------+--------+--------+-----+--------+

Top non-repeatable levels by time:
     D:6: 2216 daAuts
     D:4: 1384 daAuts
     D:2: 916 daAuts
     D:1: 832 daAuts
     D:5: 738 daAuts
  Temple: 639 daAuts
     D:3: 636 daAuts
     D:7: 301 daAuts
